 Dungeon Crawl Stone Soup version 0.31-a0-1237-gabc64e778c (webtiles) character file.

Game seed: 9811994612785281023

33219 Twinkles the Fighter (level 13, -12/142 HPs)
             Began as a Green Draconian Shapeshifter on Dec 14, 2023.
             Was an Elder of Wu Jian.
             Mangled by a dream sheep (23 damage)
             ... on level 4 of the Lair of Beasts on Dec 15, 2023.
             The game lasted 00:56:00 (18844 turns).

Twinkles the Fighter (DrSh)                        Turns: 18844, Time: 00:56:01

Health: -12/142    AC:  9    Str: 27    XL:     13   Next: 35%
Magic:  0/13       EV:  1    Int: 10    God:    Wu Jian [****..]
Gold:   852        SH:  0    Dex: 11    Spells: 12/12 levels left

rFire   . .          .
                       - Unarmed
rCold   . . .        K - melded +0 kite shield "Ifadufob" {Will+ SInv}
rNeg    . . .        (body armour unavailable)
rPois   +            (helmet currently unavailable)
rElec   .            (cloak currently unavailable)
rCorr   .            (gloves currently unavailable)
SInv    +            (boots currently unavailable)
Will    .....        L - amulet of guardian spirit
Stlth   +            x - ring of see invisible
HPRegen 0.43/turn    (no ring)
MPRegen 0.13/turn

%: guardian spirit
@: snake-form, sleeping, on berserk cooldown, slowed
A: constrict, boosted hp, (breathe noxious fumes), AC +8, large, unfitting
armour, (poison resistance), (cold-blooded)
a: Begin Untransformation, Renounce Religion, Wall Jump, Serpent's Lash


You were on level 4 of the Lair of Beasts.
You worshipped Wu Jian.
Wu Jian was greatly pleased with you.
You were an enormous serpent.
You visited 3 branches of the dungeon, and saw 16 of its levels.

You collected 1195 gold pieces.
You spent 343 gold pieces at shops.

Inventory:

Missiles
 s - 2 curare-tipped darts
Armour
 f - a +2 hat
 h - a +0 pair of boots
 z - the +1 pair of gloves "Builaafiups" {rPois}
   (You bought it in a shop on level 7 of the Dungeon)

   rPois:     It protects you from poison
 K - the +0 kite shield "Ifadufob" (melded) {Will+ SInv}
   (You found it on level 11 of the Dungeon)

   Will+:     It increases your willpower.
   SInv:      It lets you see invisible.
Jewellery
 x - a ring of see invisible (left hand)
 D - a ring of ice
 L - an amulet of guardian spirit (around neck)
 Q - an amulet of faith
Talismans
 b - a beast talisman
 c - a flux talisman
 v - a blade talisman
 F - a serpent talisman (active)
 I - a granite talisman
Wands
 e - a wand of charming (2)
 i - a wand of iceblast (15)
 j - a wand of polymorph (16)
 q - a wand of flame (29)
 t - a wand of light (19)
 y - a wand of mindburst (19)
Scrolls
 d - 2 scrolls of brand weapon {unknown}
 g - a scroll of amnesia {unknown}
 k - 4 scrolls of enchant weapon
 l - 4 scrolls of blinking {unknown}
 m - 2 scrolls of fog {unknown}
 n - 3 scrolls of noise {unknown}
 o - 3 scrolls of immolation {unknown}
 p - a scroll of poison {unknown}
 u - a scroll of acquirement {unknown}
 w - 3 scrolls of fear {unknown}
 C - a scroll of vulnerability {unknown}
 E - 6 scrolls of revelation
 Y - 6 scrolls of teleportation
Potions
 r - 4 potions of enlightenment
 A - a potion of attraction
 B - 3 potions of brilliance
 G - 2 potions of ambrosia
 H - a potion of haste
 J - 2 potions of curing
 M - a potion of might
 O - 2 potions of cancellation {unknown}
 P - a potion of lignification


   Skills:
 + Level 12.7 Fighting
 - Level 8.2 Dodging
 + Level 7.7 Shields
 + Level 12.1 Unarmed Combat
 + Level 11.2 Shapeshifting


You had 12 spell levels left.
You didn't know any spells.
Your spell library contained the following spells:

 Spells                   Type           Power      Damage    Failure   Level
 Apportation              Tloc           0%         N/A       36%         1
 Magic Dart               Conj           0%         1d3       36%         1
 Necrotise                Necr           0%         1d4       36%         1
 Summon Small Mammal      Summ           0%         N/A       36%         1
 Call Imp                 Summ           0%         N/A       50%         2
 Mephitic Cloud           Conj/Pois/Air  0%         N/A       75%         3
 Ozocubu's Armour         Ice            0%         N/A       75%         3
 Stone Arrow              Conj/Erth      0%         3d7       75%         3
 Volatile Blastmotes      Fire/Tloc      0%         2d10      75%         3
 Fulminant Prism          Conj/Hex       0%         3d5       98%         4
 Iskenderun's Mystic Bla  Conj/Tloc      0%         2d3       98%         4
 Metabolic Englaciation   Hex/Ice        0%         N/A       100%        5
 Simulacrum               Ice/Necr       0%         N/A       100%        6
 Lehudib's Crystal Spear  Conj/Erth      0%         10d2      100%        8
 Animate Armour           Summ/Erth      Unusable   N/A       N/A         4

Dungeon Overview and Level Annotations

Branches:
Dungeon (11/15) Zot: 25065  Temple (0/1) D:4            Lair (4/5) D:10 Zot: 18333
 Shoals (0/4) Lair:2       Spider (0/4) Lair:3        Slime (0/5) Lair:4
    Orc (1/2) D:9 Zot: 5996

Altars:
Ashenzari
Elyvilon
Kikubaaqudgha
Makhleb
Nemelex Xobeh
Ru
Vehumet
Wu Jian

Shops:
D:2 :   D:7 *(:[   D:10 (

Portals:
Trove: D:10 (give +4 demon whip)

Annotations:
Lair:3 2 exclusions


Innate Abilities, Weirdness & Mutations

You are an enormous serpent.
You have a powerful constriction melee attack.
Your maximum health is increased.
Your armour is entirely melded.
You are incapable of wielding weapons or throwing items.
((You can breathe blasts of noxious fumes.))
((Your lurid green scales are hard. (AC +8)))
You cannot fit into any form of body armour.
((Your system is resistant to poisons. (rPois)))
((You are cold-blooded and may be slowed by cold attacks.))


Message History

The Council accepts your kill.
You spin and attack the dream sheep.
You hit the dream sheep. You grab the dream sheep.
The dream sheep is moderately wounded.
You constrict the dream sheep. The dream sheep headbutts you.
* * * LOW HITPOINT WARNING * * *
Things that are here:
a dream sheep corpse; a dream sheep corpse; a dream sheep corpse You release your grip on the dream sheep.
You spin and attack the dream sheep.
You lash the dream sheep! Your grab misses the dream sheep.
The dream sheep is almost dead.
The dream sheep headbutts you!
* * * LOW HITPOINT WARNING * * *
The dream sheep headbutts you but does no damage.
You feel a strong urge to attack something.
You are no longer berserk.
You are exhausted.
You feel yourself slow down.
The dream sheep ruffle their wool and motes of dream dust sparkle, to no effect.
The dream sheep shake their wool and sparkle.
You feel drowsy...
You fall asleep.
The dream sheep headbutts you but does no damage.
The dream sheep headbutts you.
You wake up.
* * * LOW HITPOINT WARNING * * *
The dream sheep headbutts you.
* * * LOW HITPOINT WARNING * * *
The dream sheep attacks as it pursues you!
The dream sheep headbutts you.
* * * LOW HITPOINT WARNING * * *
The dream sheep attacks as it pursues you!
The dream sheep headbutts you but does no damage.
You feel better.
The dream sheep headbutts you but does no damage.
The dream sheep headbutts you!
* * * LOW HITPOINT WARNING * * *
The dream sheep shake their wool and sparkle.
You feel drowsy...
You fall asleep.
The dream sheep headbutts you!!
You die...

......P>P...########.....#,*,,,,,
........>.^....#.###......,,,,,,,
................††##......,,,,,,,
....#P##P#P.##P†#.#.......,,,,,**
....#############††.......*,,,***
P...###########...........*,,,,*,
.......#########...[......,,,,,,,
P#.......#######YY.#......,,,,,,,
##.##....#######SY........,,,,,,,
##.......######.<>##......,,,,*,,
..........## ##..........,,,,,,,
......_....# *...........,,,,,,,
.........### ##..........,,,,,,,
......"..# #.........,,,,,,,,
......##.# #........,,,,,,,,,
.......### #........,,,,,,,*,
......## *,,,,*,,*,,,,,,,,,


You could see 3 dream sheep.

Vanquished Creatures
  Gastronok (Lair:3)
  A hydra (Lair:1)
  A catoblepas (Lair:2)
  Erica (D:11)
  2 two-headed ogres
  3 death yaks (Lair:3)
  Nergalle (Lair:1)
  Sonja (D:11)
  2 skysharks (Lair:4)
  A cyclops (D:11)
  2 black mambas
  9 cane toads
  A rime drake (Lair:4)
  5 komodo dragons
  A hornet (D:9)
  A tarantella (Lair:3)
  4 trolls
  8 dream sheep (Lair:4)
  2 polar bears
  A snapping turtle (Lair:2)
  A vampire (D:10)
  4 slime creatures (D:11)
  A shadow (D:8)
  A water elemental (Lair:2)
  41 yaks
  2 wraiths (D:9)
  3 wyverns
  Grum (D:9)
  2 basilisks
  7 vampire mosquitoes
  A redback (Lair:3)
  2 acid dragons
  7 water moccasins
  4 black bears
  An ice beast (D:7)
  6 orc warriors
  3 sky beasts
  24 wolves
  3 ogres
  8 centaurs
  2 kobold brigands
  3 phantoms
  10 bullfrogs
  3 gnoll sergeants
  3 scorpions
  5 wights
  A killer bee (D:8)
  2 electric eels
  3 howler monkeys
  A hound (D:5)
  4 jellies
  5 orc priests
  3 gnoll boudas
  3 sleepcaps
  3 iguanas (D:5)
  6 orc wizards
  23 gnolls
  2 adders
  2 shadow imps (D:5)
  A white imp (D:4)
  An adder skeleton (D:3)
  2 worms
  5 dart slugs
  27 orcs
  4 endoplasms
  3 giant cockroaches
  18 goblins
  5 hobgoblins
  2 jackals (D:3)
  5 quokkas
  8 ball pythons
  6 bats
  2 frilled lizards
  15 kobolds
  4 rats
362 creatures vanquished.

Notes
Turn   | Place    | Note
-------+----------+-------------------------------------------
     0 | D:1      | Twinkles the Draconian Shapeshifter began the quest for the
                  | Orb.
     0 | D:1      | Reached XP level 1. HP: 16/16 MP: 1/1
   188 | D:1      | Reached XP level 2. HP: 20/23 MP: 2/2
   910 | D:2      | Reached XP level 3. HP: 26/29 MP: 3/3
  1429 | D:2      | Found Vanligui's Book Shop.
  1609 | D:3      | Found a sparkling altar of Nemelex Xobeh.
  1610 | D:3      | Found a broken altar of Ashenzari.
  1623 | D:3      | Found an ornate altar of the Wu Jian Council.
  1628 | D:3      | Found a sacrificial altar of Ru.
  1641 | D:3      | Became a worshipper of the Wu Jian Council
  1832 | D:3      | Found a radiant altar of Vehumet.
  2027 | D:3      | Reached XP level 4. HP: 35/37 MP: 4/4
  2387 | D:4      | Found a staircase to the Ecumenical Temple.
  2628 | D:4      | Noticed a black bear
  2639 | D:4      | Killed a black bear
  2640 | D:4      | Reached XP level 5. HP: 37/45 MP: 5/5
  2745 | D:4      | Noticed a centaur
  2760 | D:4      | Killed a centaur
  2761 | D:4      | Reached XP level 6. HP: 24/51 MP: 6/6
  3019 | D:4      | You fall into a shaft and drop 3 floors!
  3212 | D:6      | Noticed an orc warrior
  3223 | D:6      | HP: 12/52 [orc warrior/+0 mace (14)]
  3236 | D:6      | Killed an orc warrior
  3303 | D:5      | Entered Level 5 of the Dungeon
  3320 | D:6      | Your scales start taking on a lurid green colour.
  3320 | D:6      | Reached XP level 7. HP: 33/59 MP: 7/7
  3320 | D:6      | Gained mutation: Your system is resistant to poisons.
                  | (rPois) [Green Draconian growth]
  3551 | D:5      | Identified the +7 war axe "Vimmellawa" {drain, rElec rC-
                  | rCorr Str-3}
  3665 | D:5      | Reached * piety under Wu Jian
  3722 | D:5      | Reached skill level 5 in Unarmed Combat
  3789 | D:5      | Found a burning altar of Makhleb.
  4114 | D:5      | Reached skill level 5 in Shapeshifting
  4165 | D:5      | Reached skill level 5 in Fighting
  4236 | D:5      | Reached XP level 8. HP: 54/68 MP: 8/8
  5055 | D:6      | HP: 20/68 [acid dragon (2)]
  5257 | D:6      | Reached skill level 5 in Dodging
  5670 | D:6      | Reached ** piety under Wu Jian
  5788 | D:7      | Reached XP level 9. HP: 68/78 MP: 9/9
  5844 | D:7      | Found Zoitecij's Antique Armour Shoppe.
  5847 | D:7      | Bought a pair of translucent gloves for 304 gold pieces
  5847 | D:7      | Identified the +1 pair of gloves "Builaafiups" {rPois} (You
                  | bought it in a shop on level 7 of the Dungeon)
  5860 | D:7      | Noticed a walking earthen tome
  5860 | D:7      | Noticed a walking earthen tome
  5862 | D:7      | Found Acen's Book Emporium.
  5878 | D:7      | Found Pifen's Weapon Shop.
  6146 | D:7      | Found Veateh's General Store.
  6244 | D:7      | Bought a scroll of teleportation for 39 gold pieces
  6347 | D:7      | Found an ancient bone altar of Kikubaaqudgha.
  7351 | D:8      | Reached *** piety under Wu Jian
  7862 | D:8      | Reached XP level 10. HP: 88/88 MP: 10/10
  8667 | D:9      | Noticed Grum
  8673 | D:9      | Killed Grum
  8954 | D:9      | Found a staircase to the Orcish Mines.
  9159 | Orc:1    | Entered Level 1 of the Orcish Mines
  9159 | Orc:1    | Noticed an orc knight
  9187 | D:10     | Entered Level 10 of the Dungeon
  9243 | D:10     | Found Isisarr's Weapon Shop.
  9394 | D:10     | Found a staircase to the Lair.
  9701 | D:10     | Noticed a two-headed ogre
  9747 | D:10     | Killed a two-headed ogre
  9942 | D:10     | Reached XP level 11. HP: 35/97 MP: 11/11
 10677 | D:10     | Found a portal to a secret trove of treasure.
 11408 | D:11     | Noticed Sonja
 11421 | D:11     | Killed Sonja
 11452 | D:11     | Found a white marble altar of Elyvilon.
 11469 | D:11     | Identified the +0 kite shield "Ifadufob" {Will+ SInv}
 11506 | D:11     | Noticed a two-headed ogre
 11516 | D:11     | Killed a two-headed ogre
 11517 | D:11     | Reached skill level 1 in Shields
 11685 | D:11     | Noticed Erica
 11705 | D:11     | Killed Erica
 11799 | D:11     | Reached skill level 10 in Fighting
 12536 | Lair:1   | Entered Level 1 of the Lair of Beasts
 12549 | D:10     | HP: 30/100 [cane toad (20)]
 12562 | D:10     | HP: 26/100 [cane toad (8)]
 12569 | D:10     | Reached skill level 10 in Unarmed Combat
 12909 | D:10     | HP: 26/101 [cane toad (6)]
 12911 | D:10     | HP: 11/101 [cane toad (15)]
 13190 | Lair:1   | Noticed Nergalle
 13205 | Lair:1   | Killed Nergalle
 13278 | Lair:1   | HP: 30/101 [wolf (5)]
 13814 | Lair:1   | Reached XP level 12. HP: 76/108 MP: 12/12
 14059 | Lair:1   | HP: 29/110 [wyvern (11)]
 14530 | Lair:1   | Reached skill level 5 in Shields
 15404 | Lair:2   | Identified the +8 halberd of Syora {venom, rN+ Will+}
 15425 | Lair:2   | Found a staircase to the Shoals.
 15438 | Lair:2   | Reached skill level 10 in Shapeshifting
 15865 | Lair:2   | Noticed a catoblepas
 15875 | Lair:2   | Killed a catoblepas
 16521 | Lair:3   | Noticed a five-headed hydra
 16595 | Lair:3   | Noticed a death yak
 16595 | Lair:3   | Noticed a death yak
 16595 | Lair:3   | Noticed a death yak
 16728 | Lair:1   | HP: 31/133 [five-headed hydra (11)]
 16729 | Lair:1   | Killed a five-headed hydra
 17010 | Lair:2   | Reached **** piety under Wu Jian
 17158 | Lair:3   | Noticed Gastronok
 17175 | Lair:3   | Killed Gastronok
 17521 | Lair:3   | Found a hole to the Spider Nest.
 17716 | Lair:3   | Killed a death yak
 17721 | Lair:3   | Killed a death yak
 17722 | Lair:3   | Reached XP level 13. HP: 114/118 MP: 11/13
 18372 | Lair:4   | Upgraded the game from 0.31-a0-1227-g0136665373 to
                  | 0.31-a0-1237-gabc64e778c
 18769 | Lair:4   | Found a sparkling altar of Nemelex Xobeh.
 18816 | Lair:4   | HP: 25/142 [dream sheep (20)]
 18822 | Lair:4   | HP: 51/213 [dream sheep (6)]
 18827 | Lair:4   | HP: 42/213 [dream sheep (2)]
 18833 | Lair:4   | HP: 37/213 [dream sheep (6)]
 18841 | Lair:4   | HP: 13/142 [dream sheep (3)]
 18844 | Lair:4   | Mangled by a dream sheep

Illustrated notes

Levels and vault maps discovered:
D:1:      dpeg_arrival_tiny_c, layout_basic, minmay_misc_feat_roman
D:2:      wander_river, layout_loops_cross, serial_shops,
          nicolae_shop_just_a_little_nook, serial_bayou_pond_b,
          minmay_goblin_outpost
D:3:      layout_loops_cross, mainiacjoe_overflow_brackets,
          nicolae_overflow_macrodata_refinement, serial_undead, serial_undead_e,
          serial_undead_c, serial_undead_e, serial_undead_c,
          palyth_stone_intersect, chequers_serial_rivers_large_b
D:4:      layout_rooms, temple_statues, serial_curves, eino_curves_03,
          eino_curves_04, minmay_pentomino_pile
D:5:      layout_loops_ring, bloody_makhleb, kennysheep_windowed_goal
D:6:      layout_loops_corners
D:7:      layout_basic, kiku_gazebo_garden_becter, serial_shops,
          nicolae_shop_mannequins, nicolae_shop_waterfront,
          nicolae_shop_tiny_real_fake_doors, shop,
          chequers_serial_rivers_micro_a, serial_park_tiny_pond
D:8:      layout_loops_ring, minmay_circle_x
D:9:      layout_big_octagon, orc_david_3, uniq_grum
D:10:     layout_basic, lair_entry_dummy, enter_trove_6, serial_shops, shop,
          chequers_jeans
D:11:     layout_cave_pools, serial_column_ruins, column_ruins_open_tiny,
          column_ruins_columns_dead_end, column_ruins_open_tiny,
          column_ruins_open_small, grunt_decor_fettered, serial_park_tiny_1,
          elyvilon_altar_1, uniq_sonja, uniq_erica
Lair:1:   layout_layer_cave, gauntlet_entry_generic, grunt_megastairs_5,
          uniq_nergalle
Lair:2:   layout_cave_pods, minmay_shoals_entry_hut,
          grunt_forest_large_clearings, infiniplex_staircase_pool_2
Lair:3:   layout_misc_corridors, spider_nest_entry_rubble,
          nicolae_volcano_entry_two_sided, uniq_gastronok
Lair:4:   layout_gridlike, nicolae_slime_entry_slimehenge, basic_altar,
          serial_bayou_shore_b
Orc:1:    layout_diamond_mine, serial_shops, nicolae_shop_tiny_glass

Skill      XL: |  1  2  3  4  5  6  7  8  9 10 11 12 13 |
---------------+----------------------------------------+-----
Dodging        | 2 3 4 5 6 8 |  8.2
Fighting       | 2 3 4 5 6 8 9 10 12 | 12.7
Unarmed Combat | 4 5 6 7 9 10 11 12 | 12.1
Shapeshifting  | 4 5 6 7 8 9 10 11 | 11.2
Shields        | 4 6 7 |  7.7

Action                     |  1- 3 |  4- 6 |  7- 9 | 10-12 | 13-15 || total
---------------------------+-------+-------+-------+-------+-------++-------
  Melee: Unarmed           |   156 |   117 |   343 |   588 |    97 ||  1301
         Tailslap          |     9 |    16 |    58 |    69 |       ||   152
         Punch             |     1 |     1 |    21 |    17 |       ||    40
         Constrict         |       |       |       |    39 |    26 ||    65
 Invoke: Serpent's Lash    |       |       |       |    17 |     1 ||    18
Ability: Lunge             |     3 |     9 |    42 |    65 |    12 ||   131
         Breathe Noxious F |       |       |    19 |    20 |       ||    39
         Whirlwind         |       |       |    22 |    48 |    16 ||    86
         Begin Untransform |       |       |       |     1 |       ||     1
  Evoke: Wand              |       |       |       |     2 |       ||     2
    Use: Potion            |       |     2 |       |     1 |     3 ||     6
         Scroll            |       |     1 |       |     9 |     2 ||    12
   Stab: Sleeping          |     1 |       |     1 |       |       ||     2
         Confused          |       |       |     6 |    11 |       ||    17
 Armour: Skin              |    73 |    88 |   147 |   334 |    78 ||   720
  Dodge: Dodged            |   106 |    61 |   149 |   281 |    42 ||   639
  Block: Kite shield       |       |       |       |    39 |       ||    39
   Form: Serpent           |       |       |       |     1 |       ||     1

Table legend: (Time is in decaauts)
 A = Elapsed time spent in this place.
 B = Non-inter-level travel time spent in this place.
 C = Inter-level travel time spent in this place.
 D = Time resting spent in this place.
 E = Time spent auto-exploring this place.
 F = Levels seen in this place.
 G = Mean time per level.
                   A        B        C        D        E       F      G
               +--------+--------+--------+--------+--------+-----+--------+
         Total |  18806 |  17508 |   1298 |   2248 |  12057 |  16 | 1175.4 |
       Dungeon |  13137 |  12233 |    904 |   1609 |   8314 |  11 | 1194.3 |
          Lair |   5665 |   5271 |    394 |    639 |   3743 |   4 | 1416.2 |
  Orcish Mines |      3 |      3 |      0 |      0 |      0 |   1 |    3.0 |
               +--------+--------+--------+--------+--------+-----+--------+

Top non-repeatable levels by time:
    D:10: 2593 daAuts
  Lair:1: 2042 daAuts
  Lair:2: 1819 daAuts
     D:8: 1387 daAuts
     D:6: 1316 daAuts
  Lair:3: 1287 daAuts
     D:5: 1257 daAuts
     D:7: 1256 daAuts
    D:11: 1220 daAuts
     D:9: 892 daAuts
     D:1: 842 daAuts
     D:4: 831 daAuts
     D:2: 775 daAuts
     D:3: 765 daAuts
  Lair:4: 515 daAuts
